 Dungeon Crawl Stone Soup version 0.32-a0-30-gefbe487952 (webtiles) character file.

Game seed: 14793417041083614326

186 cforsyth the Magician (level 5, -5/40 HPs)
             Began as a Djinni Alchemist on Jan 20, 2024.
             Killed from afar by a white imp (13 damage)
             ... with a puff of frost
             ... on level 4 of the Dungeon.
             The game lasted 00:03:01 (2343 turns).

cforsyth the Magician (Djinni Alchemist)            Turns: 2343, Time: 00:03:01

Health: -5/40      AC:  5    Str:  7    XL:     5   Next: 98%
Gold:   133        EV: 11    Int: 20    God:
                   SH:  0    Dex: 14

rFire   + + .        (no weapon)
rCold   x . .        (no shield)
rNeg    + . .        d - +1 leather armour of Responsibility {rN+ Int+2}
rPois   ∞            m - +0 helmet
rElec   .            (no cloak)
rCorr   .            (no gloves)
SInv    .            (boots unavailable)
Will    .....        (no amulet)
Stlth   ++           j - ring of wizardry
HPRegen 0.26/turn    (no ring)
MPRegen 0.00/turn

%: wizardry (x1), infuse magic (-6 HP)
@: flying
A: sickness immunity, fire resistance 2, cold vulnerability 1, float, innate
caster, HP casting, extra vitality 1
a: no special abilities


You were on level 4 of the Dungeon.
You visited 1 branch of the dungeon, and saw 4 of its levels.

You collected 133 gold pieces.

Inventory:

Armour
 a - a +0 robe
 d - the +1 leather armour of Responsibility (worn) {rN+ Int+2}
   (You found it on level 2 of the Dungeon)

   Int+2:     It affects your intelligence (+2).
   rN+:       It protects you from negative energy.
 m - a +0 helmet (worn)
Jewellery
 j - a ring of wizardry (left hand)
Scrolls
 b - a scroll of identify {unknown}
 c - a scroll of acquirement {unknown}
 e - 2 scrolls of revelation {unknown}
 f - 3 scrolls of immolation {unknown}
 g - a scroll of poison {unknown}
 h - 2 scrolls of vulnerability {unknown}
Potions
 i - a potion of might {unknown}
 k - a potion of enlightenment {unknown}
 l - a potion of mutation {unknown}


   Skills:
 + Level 3.6 Fighting
 - Level 2.1 Dodging
 - Level 1.5 Stealth
 + Level 4.2 Spellcasting
 + Level 4.2 Conjurations
 + Level 4.2 Hexes
 + Level 4.2 Summonings
 + Level 4.2 Necromancy
 + Level 4.2 Translocations
 + Level 4.2 Fire Magic
 + Level 4.2 Ice Magic
 + Level 4.2 Air Magic
 + Level 4.2 Earth Magic
 + Level 4.2 Alchemy


You knew the following spells:

 Your Spells              Type           Power      Damage    Failure   Level
a - Sting                 Conj/Alch      84%        1d8       1%          1
b - Mercury Vapours       Alch/Air       42%        N/A       1%          2
c - Mephitic Cloud        Conj/Alch/Air  21%        N/A       4%          3
d - Olgreb's Toxic Radia  Alch           21%        N/A       13%         4
e - Sticky Flame          Fire/Alch      21%        2d6       13%         4
f - Foxfire               Conj/Fire      84%        2x1d8     1%          1
g - Blink                 Tloc           42%        N/A       1%          2
Your spell library was empty.

Dungeon Overview and Level Annotations

Branches:
Dungeon (4/15)
 Temple: D:4-7

Altars:


Innate Abilities, Weirdness & Mutations

You are immune to sickness and miasma.
You are immune to poison.
Your flesh is very heat resistant. (rF++)
You are vulnerable to cold. (rC-)
You float through the air rather than walking.
You learn spells naturally, not from books.
Your magical power is your life essence.
You have superior vitality. (+4 MHP)


Message History

The orc priest looks encouraged for a moment.
A goblin comes into view. It is wielding a +0 dagger.
The giant cockroach bites you but does no damage.
Casting: Sting (safe; 1% risk of failure)
Confirm with . or Enter, or press ? or * to list all spells.
Aiming: Mephitic Cloud (dangerous; 4% risk of failure)
Press: ? - help, Shift-Dir - straight line The ball explodes into a vile cloud!
The stinking cloud engulfs the orc.
The stinking cloud engulfs the giant cockroach.
The stinking cloud engulfs you.
The stinking cloud engulfs the orc.
The orc is engulfed in noxious fumes.
The orc appears confused.
The orc hits you with a +0 flail.
The orc priest invokes the aid of Beogh against you.
Beogh smites you!
* * * LOW HITPOINT WARNING * * *
The orc is engulfed in noxious fumes.
The orc appears confused.
The orc hits the giant cockroach with a +2 dagger of venom.
The giant cockroach is poisoned.
The giant cockroach is engulfed in noxious fumes.
The giant cockroach appears confused.
The giant cockroach misses you.
Casting: Mephitic Cloud (dangerous; 4% risk of failure)
Confirm with . or Enter, or press ? or * to list all spells.
Aiming: Mephitic Cloud (dangerous; 4% risk of failure)
Press: ? - help, Shift-Dir - straight line, f - giant cockroach
Aim: a giant cockroach (noxious fumes, severely wounded, confused, very poisoned, chance to affect: 96%)
The ball explodes into a vile cloud!
The stinking cloud engulfs the giant cockroach.
The giant cockroach is severely wounded.
The stinking cloud engulfs the orc priest.
The orc priest is almost dead.
The stinking cloud engulfs the orc.
The stinking cloud engulfs you.
The stinking cloud engulfs the orc.
* * * LOW HITPOINT WARNING * * *
The giant cockroach dies!
You kill the orc priest!
The orc is engulfed in noxious fumes.
The orc appears confused.
The orc hits the orc with a +2 dagger of venom.
The orc is poisoned.
The white imp gestures at you. The puff of frost hits you!
You feel a terrible chill!
You die...

...#########
#....§@†..#
.....§§o☼#<#
#.....§oo#
....°°.).#
...5.....#
.#.!.....#
.g.......#
.#.......#


You could see a white imp, 3 orcs and a goblin.

Vanquished Creatures
  A bullfrog (D:3)
  A bombardier beetle (D:3)
  An orc priest (D:4)
  Terence (D:3)
  2 adders (D:2)
  2 dart slugs
  An orc (D:4)
  2 bats
  4 endoplasms
  3 giant cockroaches
  6 goblins
  4 hobgoblins
  4 kobolds
  2 quokkas (D:1)
  2 ball pythons
  4 frilled lizards
  3 rats
43 creatures vanquished.

Vanquished Creatures (collateral kills)
  A giant cockroach (D:4)
1 creature vanquished.

Vanquished Creatures (others)
  18 foxfires
18 creatures vanquished.

Grand Total: 62 creatures vanquished

Notes
Turn   | Place    | Note
-------+----------+-------------------------------------------
     0 | D:1      | cforsyth the Djinni Alchemist began the quest for the Orb.
     0 | D:1      | cforsyth set off with the following spells memorised:
                  | Sting, Mercury Vapours, Mephitic Cloud, Olgreb's Toxic
                  | Radiance, Sticky Flame.
     0 | D:1      | Reached XP level 1. HP: 15/15 MP: 0/0
   100 | D:1      | Reached XP level 2. HP: 14/22 MP: 0/0
   102 | D:1      | Reached skill level 1 in Fighting
   458 | D:1      | Reached XP level 3. HP: 26/27 MP: 0/0
   458 | D:1      | Learned a level 1 spell: Foxfire
   611 | D:2      | Identified the +1 leather armour of Responsibility {rN+
                  | Int+2}
  1233 | D:2      | Reached XP level 4. HP: 21/33 MP: 0/0
  1438 | D:2      | You are sucked into a shaft and drop 2 floors!
  1636 | D:3      | Noticed Terence
  1636 | D:3      | Noticed a bullfrog
  1648 | D:3      | Killed Terence
  1649 | D:3      | Reached XP level 5. HP: 19/40 MP: 0/0
  1649 | D:3      | Learned a level 2 spell: Blink
  1672 | D:3      | Killed a bullfrog
  2343 | D:4      | Killed from afar by a white imp

Illustrated notes

Levels and vault maps discovered:
D:1:      ldierk_walled_garden_2, layout_basic
D:2:      layout_loops_corners
D:3:      layout_basic, chequers_serial_rivers_small_b, minivault_26,
          uniq_terence
D:4:      layout_loops_ring, grunt_temple_overflow_open, st_stairs_9

Skill      XL: |  1  2  3  4 |
---------------+-------------+-----
Fighting       | 1 2 3 |  3.6
Spellcasting   | 4 |  4.2
Conjurations   | 4 |  4.2
Hexes          | 4 |  4.2
Summonings     | 4 |  4.2
Necromancy     | 4 |  4.2
Translocations | 4 |  4.2
Fire Magic     | 4 |  4.2
Ice Magic      | 4 |  4.2
Air Magic      | 4 |  4.2
Earth Magic    | 4 |  4.2
Alchemy        | 4 |  4.2
Dodging        | |  2.1
Stealth        | |  1.5

Action                     |  1- 3 |  4- 6 || total
---------------------------+-------+-------++-------
   Cast: Sting             |    50 |    32 ||    82
         Foxfire           |    10 |       ||    10
         Mephitic Cloud    |       |     5 ||     5
 Armour: Robe              |     2 |       ||     2
         Leather armour    |     5 |     7 ||    12
  Dodge: Dodged            |     8 |     4 ||    12

Table legend: (Time is in decaauts)
 A = Elapsed time spent in this place.
 B = Non-inter-level travel time spent in this place.
 C = Inter-level travel time spent in this place.
 D = Time resting spent in this place.
 E = Time spent auto-exploring this place.
 F = Levels seen in this place.
 G = Mean time per level.
                   A        B        C        D        E       F      G
               +--------+--------+--------+--------+--------+-----+--------+
         Total |   2343 |   2172 |    171 |      0 |   1895 |   4 |  585.8 |
       Dungeon |   2343 |   2172 |    171 |      0 |   1895 |   4 |  585.8 |
               +--------+--------+--------+--------+--------+-----+--------+

Top non-repeatable levels by time:
     D:2: 994 daAuts
     D:3: 736 daAuts
     D:1: 595 daAuts
     D:4: 17 daAuts
